 BcadrenCrawl: Boulder Brew version 0.04.21-209-g19e16bb646 (webtiles) character file.

Game seed: 9305904229177461702, levelgen mode: deterministic

4281 st0uf the Grappler (level 10, 84/84 HPs) Silver Draconian Transmuter. Began on May 25, 2021. Was a Follower of Okawaru. Quit the game on level 5 of the Dungeon. The game lasted 00:29:41 (3338 turns).

st0uf the Grappler (Silver Draconian Transmuter)    Turns: 3338, Time: 00:29:42

Health: 84/84      AC: 17    Str: 14    XL:     10 ^: 4855
Magic:  19/19      EV: 14    Int: 14    God:    Okawaru [1* [35]]
Gold:   225        SH:  0    Dex: 13    Spells: 21/22 levels left

rFire    . . .     Vision   .   A - +0 whip (freeze)
rCold    . . .     Gourm    .     - Unarmed
rNeg     . . .     Faith    .   a - +0 robe
rPois    +         Spirit   .   (helmet restricted)
rElec    .         Reflect  .   x - +0 cloak
rCorr    .         Harm     .   t - +1 pair of gloves
MR       .....                  (no boots)
Stlth    ++........             (no amulet)
HPRegen  0.38/turn              e - ring of poison resistance
MPRegen  0.29/turn              (no ring)

@: no status effects
A: evolution 1, cold-blooded, boosted whips and flails aptitude, earth enhancer
1, AC++, rMut, AC +12
a: Breathe Silver Splinters, Heroism, Renounce Religion


You were on level 5 of the Dungeon.
You worshipped Okawaru.
Okawaru was aware of your devotion.
You were not hungry.

You visited 2 branches of the dungeon, and saw 6 of its levels.

You collected 225 gold pieces.

Inventory:

Weapons
 v - the cursed +5 long sword "Yfaecysh" {venom, rElec, (Curse: Str-3)}
   (You took it off an orc on level 4 of the Dungeon)

   It poisons the flesh of those it strikes.
   It insulates you from electricity.
   It has a curse placed upon it.
   { (Curse: Str-3)}
 A - a +0 whip of freezing (weapon) Shields
 h - a +0 targe
Armour
 a - a +0 robe (worn)
 t - a +1 pair of gloves (worn)
 x - a +0 cloak (worn)
Jewellery
 e - a ring of poison resistance (left hand)
 p - an uncursed ring of wizardry
 w - a cursed ring of resist corrosion {(Curse: rC-)}
Wands
 q - a wand of polymorph (2)
 s - a wand of flame (4)
 u - a wand of acid (6)
Scrolls
 b - 2 scrolls of fear
 d - a scroll of immolation
 i - 2 scrolls of bless item
 j - 4 scrolls of teleportation
 k - a scroll of enchantment
 l - 3 scrolls of summoning
 o - a scroll of amnesia
 y - a scroll of magic mapping
Potions
 f - 3 potions of haste
 g - 5 potions of curing
 m - a potion of agility
 n - 2 potions of heal wounds
 r - a potion of lignification
 z - a potion of invisibility
Comestibles
 c - 14 rations


   Skills:
 + Level 6.4 Fighting
 * Level 4.6 Dodging
 + Level 1.5 Stealth
 + Level 9.5 Unarmed Combat
 + Level 6.5 Spellcasting
 * Level 4.7 Transmutations
 * Level 1.3 Invocations


You had 21 spell levels left.
You knew the following spells:

 Your Spells              Type           Power        Failure   Level  Hunger
a - Beastly Appendage     Tmut           17 (50)      1%          1    None

Your spell library contained the following spells:

 Spells                   Type           Power        Failure   Level  Hunger
 Sticks to Snakes         Tmut           17 (100)     3%          2    #......
 Scorpion Form            Tmut/Pois      11 (200)     17%         3    ##.....
 Snakes to Sticks         Hex/Tmut       11 (100)     17%         3    ##.....
 Ice Form                 Ice/Tmut       11 (100)     50%         4    ####...
 Leda's Liquefaction      Tmut/Erth      16 (200)     50%         4    ####...
 Blade Hands              Tmut           17 (200)     50%         5    ######.
 Bolt of Magma            Fire/Erth      6 (200)      99%         5    ######.
 Iron Shot                Erth           6 (200)      100%        6    #######
 Statue Form              Tmut/Erth      16 (150)     100%        6    #######
 Tunneling                Erth           6 (200)      100%        6    #######
 Shatter                  Erth           6 (200)      100%        9    #######


Dungeon Overview and Level Annotations

Branches:
Dungeon (5/8)              Temple (1/1) D:4
   Lair: D:5

Altars:
Bahamut & Tiamat
Dithmenos
Elyvilon
Fedhas Madash
Gozag Ym Sagoz
Okawaru
Ru
Trog
Uskayaw
Vehumet
Wu Jian
Xom
Yredelemnul

Shops:
D:2 !


Innate Abilities, Weirdness & Mutations

Your gleaming silver scales are resilient. (AC +12)
You can breathe silver splinters, which deal bonus damage to chaotic creatures.
You are cold-blooded and are slowed more easily by cold attacks.
You are naturally skilled at Whips & Flails (Aptitude +3).
You are in touch with the powers of the earth.
Your gleaming silver scales boost your physical defenses and make you resistant to mutation. (AC++, rMut)
You evolve.


Message History

You kill the orc!
Okawaru accepts your kill. Something hits you (1).
You whack something (7)! You freeze something (4).
You hit something but do no damage. The orc wizard casts a spell at you.
The sting hits you but does no damage (0).
You resist. Something hits you but does no damage.
You hit something (3). You closely miss something.
The orc wizard gestures wildly while chanting.
The orc wizard blinks!
Something hits you but does no damage.
You hit something (3). You freeze something (1). Okawaru accepts your kill.
Reactivating autopickup.
You feel a bit more experienced.
The orc wizard hits you but does no damage.
You hit the orc wizard (1). You punch the orc wizard (9)!
You kill the orc wizard!
Okawaru accepts your kill.
Are you sure you want to abandon this character and quit the game? (Confirm with "yes".)

###########
.........#
#........#
#].......#
#........#
#.<......#
#........#
#%....)..#
#.....@..#
#........#
#....†...#
#....)†).#
#........#
#........#
..........#
.......<...#
###........#


There were no monsters in sight!

Vanquished Creatures
  Pikel (D:4)
  Joseph (D:4)
  Maggie (D:4)
  A slime creature (D:2)
  Menkaure (D:2)
  An orc warrior (D:4)
  2 scorpions
  An ice beast (D:4)
  A porcupine (D:3)
  3 big kobolds (D:2)
  4 bullfrogs
  3 howler monkeys
  A crimson imp (D:3)
  11 orc priests
  4 hounds
  3 jellies (D:2)
  A gnoll shaman (D:3)
  3 iguanas
  9 orc wizards
  11 worker ants
  6 giant cockroaches
  A bullfrog zombie (D:4)
  A porcupine skeleton (D:3)
  8 gnolls
  A bullfrog skeleton (D:3)
  A shadow imp (D:4)
  6 adders
  26 sewer rats (D:2)
  6 cinder newts
  A worm (D:2)
  A hound skeleton (D:3)
  An ooze (D:2)
  2 dart slugs (D:1)
  4 leopard geckos
  30 orcs
  2 adder skeletons (D:2)
  5 ball pythons
  10 bats
  A gnoll skeleton (D:2)
  5 goblins
  2 hobgoblins (D:1)
  10 jackals
  12 kobolds
  A quokka (D:5)
  A goblin skeleton (D:2)
  A kobold skeleton (D:2)
  2 quokka skeletons
  2 rats (D:1)
  4 slaves (D:4)
  4 withered plants (D:2)
220 creatures vanquished.

Vanquished Creatures (others)
  68 withered plants (D:2)
68 creatures vanquished.

Grand Total: 288 creatures vanquished

Notes
Turn   | Place    | Note
-------+----------+-------------------------------------------
     0 | D:1      | st0uf the Immature Draconian Transmuter began the quest for
                  | the Orb.
     0 | D:1      | Reached XP level 1. HP: 16/16 MP: 4/4
    14 | D:1      | Reached skill level 3 in Unarmed Combat
    14 | D:1      | Reached XP level 2. HP: 23/23 MP: 3/5
    36 | D:1      | Gained mutation: You evolve. [potion of mutation]
   208 | D:1      | Reached XP level 3. HP: 28/28 MP: 4/7
   559 | D:2      | Reached XP level 4. HP: 25/35 MP: 6/8
   604 | D:2      | Found Dinkoto's Distillery.
   606 | D:2      | Reached skill level 4 in Unarmed Combat
   654 | D:2      | Found a sacrificial altar of Ru.
   678 | D:2      | Reached skill level 1 in Stealth
   678 | D:2      | Reached XP level 5. HP: 40/40 MP: 8/10
   842 | D:2      | Reached XP level 6. HP: 47/47 MP: 11/11
   867 | D:2      | Reached skill level 5 in Unarmed Combat
  1121 | D:2      | Your scales start taking on a gleaming silver colour.
  1121 | D:2      | Reached XP level 7. HP: 43/55 MP: 11/13
  1121 | D:2      | Gained mutation: Your gleaming silver scales boost your
                  | physical defenses and make you resistant to mutation.
                  | (AC++, rMut) [Silver Draconian growth]
  1121 | D:2      | Gained mutation: You are in touch with the powers of the
                  | earth. [Silver Draconian growth]
  1284 | D:2      | Noticed Menkaure
  1290 | D:2      | Killed Menkaure
  1553 | D:2      | Reached skill level 5 in Spellcasting
  1562 | D:2      | Reached skill level 6 in Unarmed Combat
  1570 | D:2      | Killed a slime creature
  1570 | D:2      | Reached XP level 8. HP: 19/63 MP: 15/15
  1594 | D:2      | Found a white marble altar of Elyvilon.
  1790 | D:3      | Reached skill level 7 in Unarmed Combat
  1838 | D:3      | Identified the cursed amulet of Qofrego {Acrobat Str+4,
                  | (Curse: Fragile)}
  2530 | D:4      | Reached skill level 5 in Fighting
  2530 | D:4      | Reached XP level 9. HP: 70/74 MP: 17/17
  2555 | D:4      | Noticed Maggie
  2573 | D:4      | Killed Maggie
  2573 | D:4      | Reached skill level 8 in Unarmed Combat
  2592 | D:4      | Noticed Joseph
  2707 | D:4      | Killed Joseph
  2714 | D:4      | Reached skill level 9 in Unarmed Combat
  2797 | D:4      | Identified the cursed +5 long sword "Yfaecysh" {venom,
                  | rElec, (Curse: Str-3)}
  2841 | D:4      | Found a staircase to the Ecumenical Temple.
  2850 | Temple   | Entered the Ecumenical Temple
  2906 | Temple   | Became a worshipper of Warmaster Okawaru
  3105 | D:4      | Noticed Pikel
  3110 | D:4      | Killed Pikel
  3110 | D:4      | Reached * piety under Okawaru
  3110 | D:4      | Received a gift from Okawaru
  3110 | D:4      | Reached skill level 1 in Invocations
  3110 | D:4      | Gained mutation: You are naturally skilled at Whips &
                  | Flails (Aptitude +3). [draconic bloodline]
  3110 | D:4      | Reached XP level 10. HP: 84/84 MP: 17/19
  3318 | D:5      | Entered Level 5 of the Dungeon
  3338 | D:5      | Quit the game

Levels and vault maps discovered:
D:1:      scummos_arrival_star, layout_cave_pools, minmay_strange_pillars
D:2:      layout_sewer, elyvilon_niche, first_ration, serial_shops,
          nicolae_shop_competitors_out_of_business, minmay_misc_feat_tiny,
          nicolae_ru_great_annihilating_truth, uniq_menkaure
D:3:      layout_cave_pools, item_on_display_merged
D:4:      layout_rooms, minmay_temple_entry_stoned_glass, uniq_joseph,
          uniq_pikel, uniq_maggie
D:5:      layout_long_grid, evilmike_ruin_ashenzari, lair_entry_dummy,
          serial_shops, kennysheep_little_box, ossuary_tomb_1
Temple:   minmay_temple_bridge_abc

Skill      XL: |  1  2  3  4  5  6  7  8  9 |
---------------+----------------------------+-----
Unarmed Combat | 3 4 5 6 7 9 |  9.5
Spellcasting   | 3 4 5 6 |  6.5
Transmutations | 2 3 4 |  4.7
Stealth        | 1 |  1.5
Dodging        | 2 3 4 |  4.6
Fighting       | 2 3 5 6 |  6.4
Invocations    | 1 |  1.3

Action                   |  1- 3 |  4- 6 |  7- 9 | 10-12 || total
-------------------------+-------+-------+-------+-------++-------
Melee: Unarmed           |    64 |   279 |   441 |    24 ||   808
       Kick              |     5 |     4 |    32 |       ||    41
       Tailslap          |     2 |    14 |    21 |       ||    37
       Headbutt          |       |    10 |     5 |       ||    15
       Whip              |       |       |       |    28 ||    28
 Cast: Beastly Appendage |    10 |    18 |    31 |       ||    59
  Use: Potion            |     1 |       |       |       ||     1
 Stab: Sleeping          |     2 |     1 |       |       ||     3
       Petrified         |       |     2 |       |       ||     2
  Eat: Chunk             |       |     1 |     8 |     1 ||    10
Armor: Robe              |     4 |    21 |    43 |    14 ||    82
Dodge: Dodged            |    12 |    55 |   103 |    12 ||   182
